 Dungeon Crawl Stone Soup version 0.29.1-13-g9f3cf754e1 (webtiles) character file.

Game seed: 5505281554662202072

11 Peloso the Trooper (level 2, -3/27 HPs)
             Began as a Minotaur Fighter on Jan 22, 2023.
             Succumbed to a kobold's poison
             ... on level 1 of the Dungeon.
             The game lasted 00:00:16 (274 turns).

Peloso the Trooper (Minotaur Fighter)                Turns: 274, Time: 00:00:16

Health: -3/27      AC:  7    Str: 20    XL:     2   Next: 13%
Magic:  1/1        EV:  9    Int:  5    God:
Gold:   0          SH:  4    Dex:  9    Spells: 1/1 levels left

rFire   . . .      SeeInvis .   a - +0 long sword
rCold   . . .      Faith    .   c - +0 buckler
rNeg    . . .      Spirit   .   b - +0 scale mail
rPois   .          Reflect  .   (helmet restricted)
rElec   .          Harm     .   (no cloak)
rCorr   .          Rampage  .   (no gloves)
Will    .....                   (no boots)
Stlth   ..........              (no amulet)
HPRegen 0.09/turn               (no ring)
MPRegen 0.07/turn               (no ring)

@: lethally poisoned (-3 -> -30)
A: horns 2, retaliatory headbutt
a: no special abilities


You were on level 1 of the Dungeon.
You visited 1 branch of the dungeon, and saw 1 of its levels.

Inventory:

Hand Weapons
 a - a +0 long sword (weapon)
Armour
 b - a +0 scale mail (worn)
 c - a +0 buckler (worn)
Potions
 d - a potion of might


   Skills:
 + Level 4.1 Fighting
 + Level 2.4 Long Blades
 + Level 4.0 Armour
 + Level 3.6 Shields


You had one spell level left.
You didn't know any spells.
Your spell library was empty.

Dungeon Overview and Level Annotations

Branches:
Dungeon (1/15)

Altars:


Innate Abilities, Weirdness & Mutations

You have a pair of horns on your head.
You reflexively headbutt those who attack you in melee.


Message History

A kobold comes into view. It is wielding a +2 dagger of venom.
A bat comes into view.
The kobold shouts!
The giant cockroach bites you but does no damage.
The giant cockroach barely misses you. The giant cockroach barely misses you.
You furiously retaliate!
You headbutt the giant cockroach.
A dart slug comes into view.
Found an escape hatch in the floor.
The bat hits you but does no damage.
You barely miss the giant cockroach.
The giant cockroach is almost dead.
The bat hits you but does no damage. The giant cockroach closely misses you.
The kobold hits you with a +2 dagger of venom.
You block the giant cockroach's attack.
The kobold hits you with a +2 dagger of venom.
You are poisoned.
You barely miss the giant cockroach.
The giant cockroach is almost dead.
You feel very sick. You block the bat's attack. The bat barely misses you.
The giant cockroach bites you but does no damage.
The kobold hits you but does no damage.
You are lethally poisoned!
You closely miss the giant cockroach.
The giant cockroach is almost dead.
You feel very sick. You block the bat's attack.
The giant cockroach closely misses you. The kobold hits you but does no damage.
You are more poisoned.
You hit the giant cockroach.
You kill the giant cockroach!
* * * LOW HITPOINT WARNING * * *
You feel very sick. You block the bat's attack.
The kobold hits you with a +2 dagger of venom.
* * * LOW HITPOINT WARNING * * *
You are more poisoned.
The bat hits you but does no damage.
Your Armour skill increases to level 4!
You die...

#
##.#.............
#.
!.>#.....†.....#.
.
#................
#.
##.....##†..###..
# .......#.#.# #
#...#.#.#...
####.#.....####..
#..........####..(
#.....@†..........
.....w............
##......Kb........
..................
.#................
#................
...##.####........
### #. ....... #.
.....>


You could see a dart slug, a bat and a kobold.

Vanquished Creatures
  An endoplasm (D:1)
  2 giant cockroaches (D:1)
  A hobgoblin (D:1)
  3 jackals (D:1)
  2 rats (D:1)
9 creatures vanquished.

Notes
Turn   | Place    | Note
-------+----------+-------------------------------------------
     0 | D:1      | Peloso the Minotaur Fighter began the quest for the Orb.
     0 | D:1      | Reached XP level 1. HP: 19/19 MP: 0/0
   256 | D:1      | Reached XP level 2. HP: 27/27 MP: 1/1
   274 | D:1      | Succumbed to a kobold's poison

Illustrated notes

Levels and vault maps discovered:
D:1:      amcnicky_arrival_double_pillar, layout_rooms, serial_curves,
          eino_curves_02, eino_curves_01, chequers_ecumenical_altar_island

Skill      XL: |  1  2 |
---------------+-------+-----
Fighting       | 4 |  4.1
Armour         | 4 |  4.0
Long Blades    | |  2.4
Shields        | |  3.6

Action                   || total
-------------------------++-------
Melee: Long sword        ||    32
       Headbutt          ||     3
Armor: Scale mail        ||    16
Dodge: Dodged            ||    19
Block: Buckler           ||    11
